 Dungeon Sprint DCSS version 0.18-a0-1677-g2bdad6c (webtiles) character file.

2053 pipel the Spear-Bearer (level 9, -1/89 HPs)
             Began as a Minotaur Skald on Apr 2, 2016.
             Was the Champion of Makhleb.
             Slain by a demonic crawler (6 damage)
             ... in the Dungeon (Sprint VII: "The Pits").
             The game lasted 00:10:06 (534 turns).

pipel the Spear-Bearer (Minotaur Skald)              Turns: 534, Time: 00:10:07

Health: -1/89      AC:  3    Str: 20    XL:     9   Next: 4%
Magic:  7/12       EV: 14    Int:  9    God:    Makhleb [******]
Gold:   0          SH:  0    Dex: 10    Spells: 3 memorised, 5 levels left

rFire  . . .     SeeInvis .     a - +2 halberd (venom)
rCold  . . .     Gourm    .     p - +0 leather armour
rNeg   . . .     Faith    .     (shield currently unavailable)
rPois  .         Spirit   .     (helmet restricted)
rElec  .         Dismiss  .     (no cloak)
rCorr  .         Reflect  .     (no gloves)
SustAt .         Harm     .     (no boots)
MR     .....     NoTele   +     (no amulet)
Stlth  +.........               (no ring)
                                (no ring)

@: regenerating (expiring), not resistant to hostile enchantments, very
unstealthy
A: retaliatory headbutt, horns 2
a: Minor Destruction, Lesser Servant of Makhleb, Major Destruction, Greater
Servant of Makhleb, Renounce Religion


You were in the Dungeon.
You worshipped Makhleb.
Makhleb was exalted by your worship.
You were hungry.

You visited 1 branch

Inventory:

Hand Weapons
 a - a +2 halberd of venom (weapon)
 k - a +0 spear
 t - the +6 scimitar of Flaming Death {sticky flame, rPois rF++ rC- MR+}
   (You found it in the Dungeon)

   It has been specially enchanted to burn those struck by it, causing extra
   injury to most foes and up to half again as much damage against particularly
   susceptible opponents.
   Big, fiery blades are also staple armaments of hydra-hunters.
   It greatly protects you from fire.
   It makes you vulnerable to cold.
   It protects you from poison.
   It affects your resistance to hostile enchantments.
 u - a +2 trident
 B - a +1 trident of piercing
Missiles
 o - 10 stones (quivered)
Armour
 p - a +0 leather armour (worn)
 v - a +3 chain mail
 w - a +2 plate armour
 C - a +5 ring mail
 D - a +4 scale mail
Magical Staves
 b - an uncursed staff of energy
Jewellery
 x - a +3 ring of intelligence
 y - a +3 ring of protection
Scrolls
 q - 3 scrolls of remove curse
 r - 5 scrolls of amnesia
 s - a scroll of summoning
Potions
 e - 3 potions of curing
 f - 13 potions of heal wounds
 g - a potion of haste
 h - 4 potions of magic
 i - 2 potions of berserk rage
 n - 2 potions of invisibility
 z - a potion of resistance
 A - a potion of brilliance
Books
 c - a book of Battle

   Spells                             Type                      Level
   a - Infusion                       Charms                       1
   b - Shroud of Golubria             Charms/Translocation         2
   c - Song of Slaying                Charms                       2
   d - Spectral Weapon                Hexes/Charms                 3
   e - Regeneration                   Charms/Necromancy            3
Comestibles
 d - 8 bread rations
 j - 2 chunks of flesh
 l - 40 fruits
 m - 7 meat rations


   Skills:
 + Level 11.3 Fighting
 + Level 11.9 Polearms
 + Level 6.5 Armour
 + Level 7.4 Dodging
 - Level 2.3 Spellcasting
 + Level 2.8 Hexes
 - Level 5.9 Charms
 - Level 4.0 Necromancy
 + Level 6.1 Invocations
 - Level 0.5 Evocations


You had 5 spell levels left.
You knew the following spells:

 Your Spells              Type           Power        Failure   Level  Hunger
a - Infusion              Chrm           ##..         3%          1    ##.....
r - Regeneration          Chrm/Necr      ##........   14%         3    ####...
s - Spectral Weapon       Hex/Chrm       #.......     21%         3    ####...


Dungeon Overview and Level Annotations

Branches:
Dungeon (1/1)

Altars:
Ashenzari
Cheibriados
Dithmenos
Elyvilon
Fedhas
Kikubaaqudgha
Makhleb
Nemelex Xobeh
Okawaru
Pakellas
Ru
Sif Muna
Trog
Vehumet
Xom
Yredelemnul
Zin
The Shining One
Beogh
Jiyva
Lugonu


Innate Abilities, Weirdness & Mutations

You reflexively headbutt those who attack you in melee.
You have a pair of horns on your head.


Message History

It doesn't seem very happy.
You are feeling hungry.
The demonic crawler barely misses you. The demonic crawler hits you.
The demonic crawler barely misses you. The blink frog barely misses you.
You take 15 damage, and have 32/89 hp.
The demonic crawler hits you. The demonic crawler hits you!
* * * LOW HITPOINT WARNING * * *
The demonic crawler completely misses you.
The demonic crawler hits you!
* * * LOW HITPOINT WARNING * * *
The demonic crawler closely misses you. x2
You take 20 damage, and have 12/89 hp.
MASSIVE DAMAGE!!
A centaur comes into view.
The centaur shouts!
The Executioner gestures.
The Executioner seems to speed up.
The centaur wields a shortbow.
The centaur shoots an arrow.
The arrow hits you!
* * * LOW HITPOINT WARNING * * *
The blink frog blinks!
The demonic crawler hits you.
You die...

..)................+
###......#..#......#
.##................#
.#####'#####''#####
###.......##F'#
.##.......##..##
.##.......##...##
###...<...###F..##+##..#
.##.......# ##1s@......c
.##.......###.l###+###..
###.......##.F## .
##########..†s.F...
############..##...F.
#....#....###.. #+##
#....#..[[# ##..
)....'..).# ..#
#....#..).# .##


You could see an Executioner, a demonic crawler, 3 blink frogs, a centaur and a
giant newt.

Vanquished Creatures
  Grinder (D)
  4 blink frogs (D)
  A sky beast (D)
  A wolf (D)
  An ogre (D)
  Blork the orc (D)
  5 sheep (D)
  A mummy (D)
  2 gnolls (D)
  An adder (D)
  An adder skeleton (D)
  A worm (D)
  A giant gecko (D)
  An orc (D)
  A bat (D)
  2 goblins (D)
  A quokka (D)
  A giant newt (D)
  4 rats (D)
31 creatures vanquished.

Vanquished Creatures (collateral kills)
  A sea snake (D)
  An orange demon (D)
  An ice devil (D)
  An ogre (D)
  A hound (D)
  A ball python (D)
6 creatures vanquished.

Grand Total: 37 creatures vanquished

Notes
Turn   | Place    | Note
--------------------------------------------------------------
     0 | D        | pipel the Minotaur Skald began the quest for the Orb.
     0 | D        | Reached XP level 1. HP: 18/18 MP: 1/1
    29 | D        | Found a sacrificial altar of Ru.
    29 | D        | Found a basalt altar of Yredelemnul.
    29 | D        | Found a glowing golden altar of the Shining One.
    29 | D        | Found a deep blue altar of Sif Muna.
    29 | D        | Found a burning altar of Makhleb.
    29 | D        | Found an ancient bone altar of Kikubaaqudgha.
    29 | D        | Found a glowing silver altar of Zin.
    30 | D        | Found a shadowy altar of Dithmenos.
    30 | D        | Found a bloodstained altar of Trog.
    30 | D        | Found a shattered altar of Ashenzari.
    30 | D        | Found a white marble altar of Elyvilon.
    30 | D        | Found a snail-covered altar of Cheibriados.
    30 | D        | Found a blossoming altar of Fedhas.
    30 | D        | Found a radiant altar of Vehumet.
    30 | D        | Found a shimmering altar of Xom.
    30 | D        | Found a sparkling altar of Nemelex Xobeh.
    30 | D        | Found a corrupted altar of Lugonu.
    30 | D        | Found a viscous altar of Jiyva.
    30 | D        | Found a roughly hewn altar of Beogh.
    30 | D        | Found an iron altar of Okawaru.
    31 | D        | Found an oddly glowing altar of Pakellas.
    33 | D        | Became a worshipper of Makhleb the Destroyer
    61 | D        | Reached * piety under Makhleb
    66 | D        | Noticed a sky beast
    72 | D        | Reached ** piety under Makhleb
    72 | D        | Reached XP level 2. HP: 27/27 MP: 3/3
    78 | D        | Killed a sky beast
    78 | D        | Reached XP level 3. HP: 25/38 MP: 4/4
    78 | D        | Reached XP level 4. HP: 29/45 MP: 5/5
    93 | D        | Reached *** piety under Makhleb
   103 | D        | Learned a level 3 spell: Regeneration
   144 | D        | Noticed an ogre
   161 | D        | Killed an ogre
   161 | D        | Reached skill level 1 in Necromancy
   161 | D        | Reached XP level 5. HP: 35/52 MP: 5/7
   162 | D        | Reached **** piety under Makhleb
   162 | D        | Reached skill level 1 in Invocations
   187 | D        | Reached ***** piety under Makhleb
   198 | D        | Learned a level 3 spell: Spectral Weapon
   201 | D        | Noticed an ice devil
   218 | D        | Killed an ice devil
   218 | D        | Reached XP level 6. HP: 55/61 MP: 8/8
   221 | D        | Noticed Grinder
   221 | D        | Noticed Blork the orc
   237 | D        | Killed Blork the orc
   243 | D        | Killed Grinder
   243 | D        | Reached skill level 5 in Charms
   243 | D        | Reached XP level 7. HP: 66/70 MP: 9/9
   246 | D        | Noticed an orange demon
   255 | D        | Killed an orange demon
   255 | D        | Reached skill level 10 in Polearms
   255 | D        | Reached skill level 5 in Armour
   255 | D        | Reached skill level 1 in Hexes
   259 | D        | Reached ****** piety under Makhleb
   380 | D        | Noticed a sea snake
   387 | D        | Noticed a blink frog
   396 | D        | Noticed a blink frog
   396 | D        | Killed a sea snake
   396 | D        | Reached skill level 5 in Dodging
   396 | D        | Reached XP level 8. HP: 31/79 MP: 2/10
   407 | D        | Noticed a blink frog
   414 | D        | Killed a blink frog
   414 | D        | Reached skill level 10 in Fighting
   418 | D        | Reached skill level 5 in Invocations
   437 | D        | Killed a blink frog
   444 | D        | Killed a blink frog
   519 | D        | Noticed a blink frog
   519 | D        | Noticed a blink frog
   519 | D        | Noticed a blink frog
   519 | D        | Noticed a blink frog
   519 | D        | Noticed a demonic crawler
   520 | D        | Killed a blink frog
   520 | D        | Reached XP level 9. HP: 89/89 MP: 9/12
   532 | D        | Noticed an Executioner
   534 | D        | Slain by a demonic crawler

Vault maps used:
D:        pitsprint

Skill      XL: |  1  2  3  4  5  6  7  8 |
---------------+-------------------------+-----
Polearms       | 4 7 8 9 10 11 | 11.9
Fighting       | 4 6 7 8 9 11 | 11.3
Armour         | 3 4 5 6 |  6.5
Dodging        | 2 3 5 7 |  7.4
Spellcasting   | 2 |  2.3
Charms         | 3 4 5 |  5.9
Necromancy     | 1 3 4 |  4.0
Invocations    | 1 2 4 6 |  6.1
Hexes          | 2 |  2.8
Evocations     | |  0.5

Action                   |  1- 3 |  4- 6 |  7- 9 || total
-------------------------+-------+-------+-------++-------
Melee: Trident           |    16 |    42 |     9 ||    67
       Spear             |     2 |       |       ||     2
       Halberd           |       |       |    40 ||    40
Throw: Stone             |     1 |       |     1 ||     2
 Cast: Regeneration      |       |       |    14 ||    14
       Spectral Weapon   |       |       |     1 ||     1
Invok: Minor Destruction |       |     2 |     4 ||     6
       Lesser Servant of |       |     3 |     2 ||     5
       Greater Servant o |       |       |     1 ||     1
Evoke: Staff of energy   |       |       |    11 ||    11
  Use: Potion            |     1 |     1 |     6 ||     8
       Scroll            |       |       |     1 ||     1
  Eat: Chunk             |       |       |     2 ||     2
